 Seeded DCSS version 0.28.0-62-gf88900778d (webtiles) character file.

Game seed: 8930047929319792588 (custom seed)

37832 cbfl8 the Cleaver (level 13, 0/97 HPs)
             Began as a Demonspawn Fighter on July 4, 2023.
             Was a High Priest of Okawaru.
             Slain by a rockslime (19 damage)
             ... in an ice cave.
             The game lasted 00:43:30 (28122 turns).

cbfl8 the Cleaver (Demonspawn Fighter)             Turns: 28122, Time: 00:43:30

Health: 0/97       AC: 19    Str: 13    XL:     13   Next: 60%
Magic:  0/19       EV: 10    Int: 15    God:    Okawaru [*****.]
Gold:   204        SH: 13    Dex: 25    Spells: 12/12 levels left

rFire   + . .      SeeInvis .   p - +6 broad axe (flame)
rCold   . . .      Faith    .   c - +0 buckler
rNeg    + . .      Spirit   +   y - +0 chain mail of Privacy {rF+ Will+ Int+3}
rPois   .          Reflect  +   a - +0 helmet of the Little Devil {Rampage Str-5 Slay+2}
rElec   .          Harm     .   r - scarf {+Inv}
rCorr   .          Rampage  +   i - +0 pair of gloves {hurl}
Will    +....                   o - +2 pair of boots
Stlth   +.........              l - amulet of reflection
HPRegen 0.26/turn               A - +6 ring of dexterity
MPRegen 0.32/turn               n - ring "Doed" {rN+ Dex+3}

@: about to teleport, heroic
A: hooves 2, foul stench 2, magic shield, magic regeneration, big brain 1
a: Renounce Religion, Evoke Invisibility, Heroism, Finesse, Duel


You were in an ice cave.
You worshipped Okawaru.
Okawaru was extremely pleased with you.
You visited 2 branches of the dungeon, and saw 15 of its levels.
You also visited: Ossuary, Bailey and Ice Cave.

You collected 792 gold pieces.
You spent 588 gold pieces at shops.

Inventory:

Hand Weapons
 p - a +6 broad axe of flaming (weapon)
 G - a +1 vorpal broad axe
Missiles
 g - a javelin
 H - 2 boomerangs
Armour
 a - the +0 helmet of the Little Devil (worn) {Rampage Str-5 Slay+2}
   (You acquired it on level 7 of the Dungeon)

   Str:       It affects your strength (-5).
   Slay:      It affects your accuracy & damage with ranged weapons and melee
   (+2).
   Rampage:   It bestows one free step when moving towards enemies.
 c - a +0 buckler (worn)
 i - a +0 pair of gloves of hurling (worn)
 o - a +2 pair of boots (worn)
 r - a scarf of invisibility (worn)
 y - the +0 chain mail of Privacy (worn) {rF+ Will+ Int+3}
   (Okawaru gifted it to you on level 10 of the Dungeon)

   Int:       It affects your intelligence (+3).
   rF:        It protects you from fire.
   Will:      It increases your willpower.
 B - a +2 cloak
Jewellery
 f - a ring of protection from fire
 l - an amulet of reflection (around neck)
 n - the ring "Doed" (right hand) {rN+ Dex+3}
   (You bought it in a shop on level 12 of the Dungeon)

   [ring of positive energy]

   Dex:       It affects your dexterity (+3).
   rN:        It protects you from negative energy.
 A - a +6 ring of dexterity (left hand)
Wands
 u - a wand of polymorph (16)
 w - a wand of digging (3)
Scrolls
 q - a scroll of silence
 s - a scroll of magic mapping
 K - 5 scrolls of fog
Potions
 e - 2 potions of resistance {unknown}
 h - 2 potions of lignification
 j - a potion of brilliance {unknown}
 v - a potion of invisibility {unknown}
 z - a potion of cancellation {unknown}
 C - a potion of haste {unknown}
 D - a potion of mutation {unknown}
Miscellaneous
 I - a tin of tremorstones (inert) (quivered)


   Skills:
 + Level 7.6(12.6) Fighting
 * Level 13.9(18.9) Axes
 * Level 5.6(10.6) Throwing
 + Level 8.9(13.9) Armour
 - Level 1.2(6.2) Dodging
 + Level 1.6(6.6) Stealth
 + Level 6.6(11.6) Shields
 + Level 8.7 Invocations
 + Level 9.1 Evocations


You had 12 spell levels left.
You didn't know any spells.
Your spell library contained the following spells:

 Spells                   Type           Power      Damage    Failure   Level
 Gell's Gravitas          Tloc           0%         N/A       100%        3
 Lesser Beckoning         Tloc           0%         N/A       100%        3
 Teleport Other           Tloc           0%         N/A       100%        3
 Leda's Liquefaction      Hex/Erth       0%         N/A       100%        4
 Freezing Cloud           Conj/Ice/Air   0%         6-21      100%        5
 Lee's Rapid Deconstruct  Erth           0%         3d5*      100%        5
 Statue Form              Tmut/Erth      0%         N/A       100%        6
 Polar Vortex             Ice            0%         N/A       100%        9
 Simulacrum               Ice/Necr       Unusable   N/A       N/A         6

Dungeon Overview and Level Annotations

Branches:
Dungeon (14/15)            Temple (1/1) D:4            Lair (0/6) D:11
    Orc (0/2) D:9         Ossuary (visited)          Bailey (visited)
  IceCv (1/1)
 Vaults: D:13-14

Altars:
Ashenzari
Cheibriados
Dithmenos
Elyvilon
Fedhas
Gozag
Hepliaklqana
Kikubaaqudgha
Makhleb
Nemelex Xobeh
Okawaru
Qazlal
Ru
Sif Muna
Trog
Uskayaw
Vehumet
Wu Jian
Xom
Yredelemnul
Zin
The Shining One

Shops:
D:5 *   D:9 *   D:10 !   D:12 *

Annotations:
D:3 3 runed translucent doors, cbfl8's ghost, amateur MfGl IceCv exclusion: orange crystal statue


Innate Abilities, Weirdness & Mutations

You have hoof-like feet.
You sometimes emit foul miasma when damaged in melee.
When hurt, damage is shared between your health and your magic reserves.
You regenerate magic rapidly.
You have an unusually large brain. (Int +2)


Message History

Press: ? - help, Q - select action, (/) - cycle Shift-Dir - straight line, f - rockslime
Aim: a rockslime (will become a titan, a caustic shrike, or a juggernaut, chance to affect: 34%)
Okay, then.
Unknown command.
Cleave: p) +6 broad axe (flame)
Press: ? - help, Dir - move target, f - you
Okay, then.
Non-targeted evoke: tin of tremorstones (1/2)
Press: ? - help, Q - select action, (/) - cycle Dir - look around, f - activate The tremorstone explodes into fragments!
The burst of rock shards engulfs the rockslime but does no damage.
The burst of rock shards engulfs the rockslime but does no damage. x3
The tin is emptied!
You hit the rockslime.
The rockslime is lightly wounded.
The rockslime hits you!!!
You stumble backwards!
You gain the combat prowess of a mighty hero.
The rockslime hits you.
You hold your ground!
The rockslime closely misses you.
You hit the rockslime but do no damage.
The rockslime is lightly wounded.
You hit the rockslime but do no damage.
The rockslime is lightly wounded.
You block the rockslime's attack.
You hit the rockslime but do no damage.
The rockslime is lightly wounded.
You block the rockslime's attack.
You hit the rockslime.
The rockslime is lightly wounded.
The rockslime hits you!!
You hold your ground!
You emit a cloud of foul miasma!
You hit the rockslime.
The rockslime is lightly wounded.
The rockslime is engulfed in dark miasma.
The rockslime seems to slow down.
The rockslime hits you!!
* * * LOW HITPOINT WARNING * * *
You hold your ground!
As you read the scroll of teleportation, it crumbles to dust.
You feel strangely unstable.
The rockslime is engulfed in dark miasma.
The rockslime is poisoned.
The rockslime hits you!!
You die...

.....##..####..##..#..#
...JJ....#
#...#..##.###
J.##.##..#
##..##..#..## #J.##
#..##..#.... ##..#
##.J#...#..##
#..###..##..##.###
#...##..##..#..#
#...#...##.##..#
#@J....##..#..##
##....##...#..# ..#.#
#....#...##..# . ....
##..##...#..## .. ._J#
#.##...##..# ... .J.
####..##..## ....#..
#.J##...# #......
#.J....##
#.....######......#


You could see a slime creature and a rockslime (poisoned, slow).

Vanquished Creatures
  An azure jelly (IceCv)
  4 quicksilver oozes (IceCv)
  A stone giant (D:12)
  A war gargoyle (D:12)
  Snorg (D:10)
  Harold (D:10)
  4 boulder beetles
  2 hydras
  3 centaur warriors
  3 catoblepae
  3 two-headed ogres (D:10)
  A deep elf pyromancer (D:10)
  2 cyclopes (D:11)
  2 manticores
  3 ugly things
  8 gargoyles
  3 efreet (D:13)
  A kobold demonologist (D:12)
  2 tengu conjurers
  4 entropy weaver simulacra (IceCv)
  6 trolls
  13 slime creatures
  A jumping spider (Bailey)
  A shadow (D:11)
  4 wraiths
  6 yaks (D:10)
  5 basilisks
  3 steam dragons
  3 demonic crawler simulacra (IceCv)
  An acid dragon (D:11)
  Duvessa (D:5)
  11 orc warriors
  A black bear (D:8)
  5 ice beasts
  A sky beast (D:7)
  3 ugly thing simulacra (IceCv)
  A necrophage (D:6)
  16 centaurs
  5 kobold brigands
  2 wyvern zombies
  2 scorpions (D:5)
  Dowan (D:5)
  A water moccasin skeleton (D:7)
  19 killer bees
  19 wights
  4 centaur zombies
  3 howler monkeys
  A bullfrog zombie (D:5)
  An orc priest (D:8)
  2 hounds (D:5)
  A bullfrog skeleton (D:6)
  A gnoll shaman (D:6)
  2 centaur skeletons
  4 orc wizards
  A scorpion zombie (D:5)
  A killer bee zombie (D:8)
  2 howler monkey zombies
  7 gnolls (D:6)
  4 adders
  3 white imps
  An ufetubus (D:7)
  4 adder zombies
  2 worms
  2 dart slugs
  24 orcs
  6 ball pythons
  8 endoplasms
  2 giant cockroaches
  2 hobgoblins
  8 jackals
  3 quokkas
  3 ball python skeletons (Ossuary)
  7 bats
  5 frilled lizards
  4 goblins
  23 kobolds
  An orc zombie (Ossuary)
  7 rats
330 creatures vanquished.

Vanquished Creatures (others)
  A manticore (shapeshifter) (D:11)
1 creature vanquished.

Grand Total: 331 creatures vanquished

Notes
Turn   | Place    | Note
-------+----------+-------------------------------------------
     0 | D:1      | cbfl8 the Demonspawn Fighter began the quest for the Orb.
     0 | D:1      | Reached XP level 1. HP: 18/18 MP: 1/1
   202 | D:1      | Gained mutation: You regenerate magic rapidly. [demonic
                  | ancestry]
   202 | D:1      | Reached XP level 2. HP: 24/24 MP: 2/2
   448 | D:2      | Reached skill level 2 in Axes
   614 | D:2      | Reached skill level 1 in Evocations
   617 | D:2      | Gained mutation: You have an unusually large brain. (Int
                  | +2) [demonic ancestry]
   617 | D:2      | Reached XP level 3. HP: 28/29 MP: 3/3
   673 | D:2      | Found a faded altar of an unknown god.
  1145 | D:3      | Noticed a water moccasin
  1412 | D:3      | Found a runed translucent gate.
  1412 | D:3      | Found a runed translucent gate.
  1412 | D:3      | Found a runed translucent gate.
  1414 | D:3      | Noticed cbfl8's ghost (amateur MfGl)
  1800 | D:4      | Found a shimmering altar of Xom.
  2043 | D:4      | Found a staircase to the Ecumenical Temple.
  2071 | D:4      | Gained mutation: When hurt, damage is shared between your
                  | health and your magic reserves. [demonic ancestry]
  2071 | D:4      | Reached XP level 4. HP: 30/35 MP: 4/4
  2080 | Temple   | Entered the Ecumenical Temple
  2447 | D:4      | Found a stormy altar of Qazlal.
  2859 | D:5      | Entered Level 5 of the Dungeon
  2867 | D:5      | Reached skill level 3 in Axes
  2867 | D:5      | Gained mutation: You may rarely emit foul miasma when
                  | damaged in melee. [demonic ancestry]
  2867 | D:5      | Reached XP level 5. HP: 25/41 MP: 5/5
  3055 | D:5      | Noticed an ice beast
  3065 | D:5      | Killed an ice beast
  3108 | D:5      | Identified a scroll of acquirement
  3109 | D:5      | Acquired an amulet of reflection
  3195 | D:5      | Reached XP level 6. HP: 41/48 MP: 4/6
  3706 | D:5      | Found Ulyryt's Assorted Antiques.
  3712 | D:5      | Bought a scroll of teleportation for 75 gold pieces
  4197 | D:5      | Noticed Dowan
  4197 | D:5      | Noticed Duvessa
  4208 | D:4      | Reached skill level 4 in Axes
  4208 | D:4      | Gained mutation: You sometimes emit foul miasma when
                  | damaged in melee. [demonic ancestry]
  4208 | D:4      | Reached XP level 7. HP: 43/53 MP: 7/7
  4662 | D:6      | Noticed a steam dragon
  4670 | D:6      | Killed a steam dragon
  4682 | D:6      | Reached skill level 5 in Axes
  4728 | D:6      | Acquired a +4 broad axe of flaming
  4734 | D:6      | Found an iron altar of Okawaru.
  4742 | D:6      | Noticed a wraith
  4839 | D:6      | Killed a wraith
  4840 | D:6      | Reached skill level 1 in Dodging
  4840 | D:6      | Gained mutation: You have large cloven feet. [demonic
                  | ancestry]
  4840 | D:6      | Reached XP level 8. HP: 58/61 MP: 6/8
  4857 | D:6      | Became a worshipper of Warmaster Okawaru
  4922 | D:6      | Found a basalt altar of Yredelemnul.
  5019 | D:6      | Reached skill level 5 in Evocations
  5023 | D:6      | Reached * piety under Okawaru
  5149 | D:6      | Found a sand-covered staircase.
  5155 | Ossuary  | Entered an ossuary
  5197 | Ossuary  | Reached skill level 6 in Axes
  5287 | Ossuary  | Noticed a flying skull
  5294 | Ossuary  | Noticed a flying skull
  5322 | Ossuary  | Noticed a flying skull
  5330 | Ossuary  | Noticed a flying skull
  5502 | Ossuary  | Reached skill level 5 in Fighting
  5586 | Ossuary  | Reached XP level 9. HP: 49/68 MP: 7/9
  5883 | D:6      | Found a burning altar of Makhleb.
  5891 | D:6      | Found a snail-covered altar of Cheibriados.
  6238 | D:5      | Killed Dowan
  6239 | D:5      | Reached skill level 7 in Axes
  6247 | D:5      | Killed Duvessa
  6841 | D:5      | Found Ulyryt's Assorted Antiques.
  7029 | D:4      | Found a staircase to the Ecumenical Temple.
  7079 | D:4      | Found a stormy altar of Qazlal.
  7138 | D:4      | Found a shimmering altar of Xom.
  7755 | D:7      | Reached skill level 1 in Invocations
  7778 | D:7      | Found a flagged portal.
  7827 | Bailey   | Entered a bailey
  8073 | Bailey   | Reached skill level 1 in Stealth
  8082 | Bailey   | Reached ** piety under Okawaru
  8096 | Bailey   | Reached skill level 5 in Armour
  8485 | Bailey   | Reached skill level 8 in Axes
  8785 | Bailey   | Noticed an orc knight
  8785 | Bailey   | Noticed an orc knight
  9073 | Bailey   | an orc knight changed into a jumping spider
  9753 | Bailey   | Identified the +10 executioner's axe "Neopus" {vorpal, rF+}
  9764 | D:7      | Acquired the +0 helmet of the Little Devil {Rampage Str-5
                  | Slay+2}
 10064 | D:7      | Reached XP level 10. HP: 70/73 MP: 10/12
 10194 | D:7      | Reached *** piety under Okawaru
 11020 | D:8      | Reached skill level 9 in Axes
 11417 | D:9      | Found a staircase to the Orcish Mines.
 11632 | D:9      | Reached skill level 5 in Shields
 11950 | D:9      | Found Cokon's General Store.
 11969 | D:9      | Bought a scroll of blinking for 90 gold pieces
 12229 | D:8      | Reached **** piety under Okawaru
 12819 | D:10     | Entered Level 10 of the Dungeon
 12909 | D:10     | Noticed Harold
 12919 | D:10     | Killed Harold
 12920 | D:10     | Reached skill level 10 in Axes
 12973 | D:10     | Noticed a two-headed ogre
 12980 | D:10     | Killed a two-headed ogre
 12980 | D:10     | Reached ***** piety under Okawaru
 12981 | D:10     | Reached skill level 1 in Throwing
 12981 | D:10     | Reached skill level 5 in Invocations
 13297 | D:10     | Reached XP level 11. HP: 68/81 MP: 12/14
 13385 | D:10     | Noticed Snorg
 13402 | D:10     | Killed Snorg
 13453 | D:10     | Found Kit Xuint's Distillery.
 13456 | D:10     | Bought a potion of heal wounds for 75 gold pieces
 13518 | D:10     | Noticed a two-headed ogre
 13522 | D:10     | Killed a two-headed ogre
 13522 | D:10     | Identified the +0 chain mail of Privacy {rF+ Will+ Int+3}
                  | (Okawaru gifted it to you on level 10 of the Dungeon)
 13522 | D:10     | Received a gift from Okawaru
 13815 | D:10     | Noticed a two-headed ogre
 13820 | D:10     | Killed a two-headed ogre
 13821 | D:10     | Reached skill level 11 in Axes
 13915 | D:10     | Noticed a catoblepas
 13921 | D:10     | Killed a catoblepas
 14082 | D:11     | Noticed a centaur warrior
 14090 | D:11     | Killed a centaur warrior
 14492 | D:11     | Noticed a white ugly thing
 14492 | D:11     | Noticed a deep elf pyromancer
 14502 | D:10     | Killed a white ugly thing
 14517 | D:10     | Killed a deep elf pyromancer
 14895 | D:11     | Found a staircase to the Lair.
 15313 | D:11     | Gained mutation: You have hoof-like feet. [demonic
                  | ancestry]
 15313 | D:11     | Reached XP level 12. HP: 89/89 MP: 16/16
 15384 | D:11     | Reached skill level 12 in Axes
 15857 | D:11     | Noticed a five-headed hydra
 15866 | D:11     | Killed a one-headed hydra
 16221 | D:12     | Found Cus Giyj's Assorted Antiques.
 16234 | D:12     | Bought a translucent turquoise ring for 145 gold pieces
 16234 | D:12     | Identified the ring "Doed" {rN+ Dex+3} (You bought it in a
                  | shop on level 12 of the Dungeon)
 16237 | D:12     | Bought a scroll of identify for 58 gold pieces
 16237 | D:12     | Bought a moonstone ring for 145 gold pieces
 16266 | D:12     | Noticed a war gargoyle
 16726 | D:12     | Noticed a centaur warrior
 16736 | D:12     | Killed a centaur warrior
 17666 | D:13     | Noticed a catoblepas
 17666 | D:13     | Noticed a boulder beetle
 17671 | D:13     | Noticed a stone giant
 17673 | D:13     | Noticed a boulder beetle
 18158 | D:12     | Received a gift from Okawaru
 19240 | D:12     | Killed a war gargoyle
 19757 | D:12     | Killed a catoblepas
 19764 | D:12     | Killed a boulder beetle
 19765 | D:12     | Reached skill level 13 in Axes
 19990 | D:12     | Killed a stone giant
 19990 | D:12     | Reached ****** piety under Okawaru
 20536 | D:12     | Killed a boulder beetle
 20536 | D:12     | Received a gift from Okawaru
 21266 | D:13     | Noticed a six-headed hydra
 21279 | D:12     | Killed a one-headed hydra
 21444 | D:12     | Reached XP level 13. HP: 72/96 MP: 17/19
 22753 | D:13     | Found the +6 shillelagh "Devastator" {shatter}
 22988 | D:13     | Identified the +2 ring mail of a ziggurat {Str+3} (Okawaru
                  | gifted it to you on level 13 of the Dungeon)
 22988 | D:13     | Received a gift from Okawaru
 23209 | D:14     | Found a frozen archway.
 23218 | IceCv    | Entered an ice cave
 23428 | IceCv    | Noticed a quicksilver ooze
 23437 | IceCv    | Killed a quicksilver ooze
 23892 | IceCv    | Reached skill level 5 in Throwing
 25338 | IceCv    | Noticed a quicksilver ooze
 25348 | IceCv    | Killed a quicksilver ooze
 25628 | IceCv    | Noticed a quicksilver ooze
 25635 | IceCv    | Killed a quicksilver ooze
 25649 | IceCv    | Identified the +1 robe "Jiorr" {rN++ Int+4 Dex-5}
 26389 | IceCv    | Noticed an azure jelly
 26390 | IceCv    | Noticed a quicksilver ooze
 27090 | IceCv    | Noticed a quicksilver ooze
 27332 | IceCv    | Killed a quicksilver ooze
 27808 | IceCv    | Noticed an azure jelly
 27820 | IceCv    | Killed an azure jelly
 27830 | IceCv    | Noticed a rockslime
 27831 | IceCv    | Found a viscous altar of Jiyva.
 27831 | IceCv    | Noticed an azure jelly
 27831 | IceCv    | Noticed an azure jelly
 28122 | IceCv    | Slain by a rockslime

Illustrated notes

Levels and vault maps discovered:
D:1:      mrwooster_arrival_statue_2, layout_rooms
D:2:      layout_basic, basic_ecumenical_altar
D:3:      layout_rooms, serial_glass, glass_columns_b, glass_columns_a,
          gammafunk_ghost_split
D:4:      layout_basic, nicolae_qazlal_scattered_showers,
          mainiacjoe_overflow_24_doors, minmay_temple_entry_sparse_star,
          nicolae_figureground_sparkle
D:5:      layout_basic, serial_shops, shop, minmay_pentangle, uniq_duvessa
D:6:      layout_basic, mainiacjoe_overflow_paths, okawaru_gym_becter,
          mainiacjoe_overflow_big_doors, nicolae_ossuary_entry_plus,
          grunt_decor_junction, st_stairs_7
D:7:      layout_loops_corners, enter_bailey_6, kb_rosetta
D:8:      layout_cave_pools, serial_undead, serial_undead_f, serial_undead_c,
          serial_undead_a, serial_undead_c, serial_undead_b
D:9:      layout_long_grid, orc_0_dummy, serial_shops, nicolae_square_shop
D:10:     layout_irregular_city, serial_shops, nicolae_shop_behind_doors,
          uniq_harold, uniq_snorg
D:11:     minmay_diamond_stairs, layout_layer_cave, erik_lair_dragon
D:12:     gargoyle_guard, layout_loops_corners, serial_shops, shop
D:13:     minmay_roctagon, layout_rooms, grunt_ministairs_3
D:14:     layout_irregular_city, david_vaults_1,
          portal_ice_cave_entry_pillars_three, chequers_serial_rivers_small_3,
          enter_trove_5
Temple:   eino_temple_scatter_basement
IceCv:    ice_cave_hellmonk_azure_passage

Skill      XL: |  1  2  3  4  5  6  7  8  9 10 11 12 13 |
---------------+----------------------------------------+-----
Armour         | 3 4 5 6 7 8 |  8.9
Axes           | 2 3 4 5 6 8 10 11 13 | 13.9
Evocations     | 1 2 3 4 5 6 7 8 9 |  9.1
Shields        | 3 4 5 6 |  6.6
Fighting       | 4 5 6 7 |  7.6
Dodging        | 1 |  1.2
Invocations    | 3 5 6 8 |  8.7
Stealth        | 1 |  1.6
Throwing       | 1 3 4 5 |  5.6

Action                   |  1- 3 |  4- 6 |  7- 9 | 10-12 | 13-15 || total
-------------------------+-------+-------+-------+-------+-------++-------
Melee: War axe           |   110 |    93 |    24 |       |       ||   227
       Broad axe         |       |       |   193 |   451 |   169 ||   813
       Kick              |       |       |    55 |    15 |       ||    70
 Fire: Arbalest          |       |       |     2 |       |       ||     2
Throw: Throwing net      |       |       |       |     4 |       ||     4
       Javelin           |       |       |       |       |    10 ||    10
       Boomerang         |       |       |       |       |     9 ||     9
Invok: Heroism           |       |       |     1 |     1 |     4 ||     6
       Finesse           |       |       |       |       |     1 ||     1
 Abil: Evoke Invisibilit |       |       |       |       |     1 ||     1
Evoke: Wand              |       |       |     8 |    30 |    11 ||    49
       Tin of tremorston |       |       |       |       |     2 ||     2
  Use: Scroll            |     4 |     4 |    12 |     9 |     8 ||    37
       Potion            |       |       |     8 |     7 |     9 ||    24
 Stab: Held in net/web   |       |       |       |     2 |       ||     2
Armor: Scale mail        |    58 |       |       |       |       ||    58
       Chain mail        |     3 |    57 |    44 |   187 |   108 ||   399
       Plate armour      |       |       |    82 |   182 |       ||   264
       Skin              |       |       |       |       |     1 ||     1
Dodge: Dodged            |    64 |    27 |    49 |   115 |    32 ||   287
Block: Buckler           |    25 |    63 |   145 |   285 |    98 ||   616
       Reflection        |       |     2 |    30 |    27 |     5 ||    64
       Other             |       |       |     1 |       |       ||     1
